[Event "*** Titled Tuesday 3|2 Blitz"]
[Site "Chess.com"]
[Date "2015.08.04"]
[Round "2"]
[White "Prolta"]
[Black "silverback96"]
[Result "0-1"]
[WhiteElo "1711"]
[BlackElo "1898"]
[TimeControl "180+2"]
[EndTime "11:54:35 PDT"]
[Termination "silverback96 won by resignation"]

1. Nf3 c5 2. c4 Nc6 3. b3 e5 4. d3 g6 5. Bb2 Bg7 6. Nc3 Nge7 7. e3 d5 8. cxd5 Nxd5 9. Nxd5 Qxd5 10. Be2 O-O 11. O-O Be6 12. Rc1 b6 13. e4 Qd7 14.
a3 f6 15. Qc2 Rfd8 16. Rfd1 Rac8 17. Rb1 Nd4 18. Nxd4 cxd4 19. Qd2 Bxb3 20. Rdc1 Be6 21. Rxc8 Rxc8 22. Rc1 Rxc1+ 23. Qxc1 Qc8 24. f3 Qxc1+ 25.
Bxc1 Kf8 26. Kf1 Ke7 27. Ke1 Kd6 28. Kd1 Kc5 29. Kc2 b5 30. Bd2 a5 31. Bxa5 Kc6 32.
Bb4 Bh6 33. Kb2 Bf4 34. h3 Bg3 35. Bd1 h5 36. Bb3 Bxb3 37. Kxb3 Kd7 38. Bd2 Kc6 39. Kb4 Bf2 40. Kb3 Be3 41. Bb4 Kd7 42. Bf8 Ke8 43.
Bc5 Kd7 44. Kb4 Kc6 45. Bf8 Bd2+ 46. Kb3 Kd7 47. Bc5 Kc6 48. Bf8 Kd7 49. Bc5 Be1 50. Bf8 Ke6 51. Bc5 f5 52. Bb6 g5 53.
Bd8 g4 54. fxg4 fxe4 55. dxe4 hxg4 56. hxg4 Kf7 57. Kc2 Kg6 58. Kd3 Bc3 59. Be7 Bb2 60.
Kc2 Bc3 61. Kd3 Kf7 62. Bd6 Ke6 63. Bc5 Be1 64. Bb4 Bxb4 65. axb4 Kf6 66. Ke2 Kg5 67. Kf3 Kh4 68. g3+ Kg5 69. Kf2 Kxg4 70. Kg2 Kg5 71.
Kf3 Kh5 72. Kg2 Kg4 73. Kf2 d3 74. Ke3 Kxg3 75. Kxd3 Kf3 0-1

[Event "*** Titled Tuesday 3|2 Blitz"]
[Site "Chess.com"]
[Date "2015.08.04"]
[Round "2"]
[White "1stSecond"]
[Black "pedromartinez91"]
[Result "1/2-1/2"]
[WhiteElo "2341"]
[BlackElo "2132"]
[TimeControl "180+2"]
[EndTime "11:58:16 PDT"]
[Termination "Game drawn by 50-move rule"]

1. d4 d5 2. Nf3 Nf6 3. c4 dxc4 4.
Nc3 a6 5. e3 e6 6. Bxc4 b5 7. Be2 Bb7 8. O-O c5 9. dxc5 Bxc5 10.
Qxd8+ Kxd8 11. a3 Ke7 12. b4 Bd6 13. Bb2 Nbd7 14. Rfd1 Bxf3 15. gxf3 Rac8 16. Rd2 Nb6 17. Rad1 Rhd8 18. Ne4 Nxe4 19. fxe4 f6 20. f4 Nc4 21. Bxc4 Rxc4 22. Kf2 Bc7 23. Bd4 e5 24. Bc5+ Ke8 25. Rxd8+ Bxd8 26. fxe5 fxe5 27. Rd6 a5 28. Re6+ Kf7 29.
Rxe5 a4 30. Bd4 Rc2+ 31. Kg1 Ra2 32. Rf5+ Kg6 33. Rxb5 Rxa3 34. Rb8 Bg5 35. Rb6+ Kh5 36.
Kf2 Kg4 37. h3+ Kxh3 38. Kf3 Bh6 39. e5 Rb3 40. e6 Bg5 41. Bxg7 Rxe3+ 42. Kf2 Re4 43.
b5 Kg4 44. Ra6 Kf5 45. b6 Be3+ 46. Kf3 Bxb6 47. Rxb6 Rxe6 48. Rb5+ Kg6 49. Bb2 Ra6 50. Ba3 h5 51. Kg3 Rc6 52. Bc5 Ra6 53. Rb2 Kf5 54. Kf3 h4 55. Rh2 Rc6 56. Bd4 Rc4 57. Rxh4 a3 58.
Ke3 a2 59. Rh5+ Kg6 60. Ra5 Rc2 61. Kd3 Rh2 62. Kc3 Kf7 63. Kb3 Ke6 64. Bb2 Rg2 65. Rxa2 Kd5 66. Ra5+ Kc6 67. Bd4 Rg6 68. Kc4 Re6 69.
Ra6+ Kd7 70. Ra8 Re8 71. Ra7+ Ke6 72. Ra6+ Kf7 73. Rf6+ Ke7 74. Rh6 Kd7 75. Kd5 Re7 76. Ra6 Rf7 77. Bf6 Ke8 78. Ke6 Re7+ 79. Kd6 Rd7+ 80. Ke5 Kf7 81. Kf5 Rd5+ 82. Be5 Rd7 83. Rh6 Ke8 84. Bd6 Rf7+ 85. Ke5 Kd7 86. Rh8 Rg7 87. Kd5 Rf7 88. Ra8 Rf5+ 89. Be5 Rf7 90. Rb8 Ke7 91. Bd6+ Kd7 92. Rb7+ Ke8 93. Rb4 Kd7 94.
Be5 Ke8 95. Rb8+ Kd7 96. Ra8 Ke7 97. Bd6+ Kd7 98. Ke5 Kc6 99. Rc8+ Kd7 100. Rc3 Ke8 101. Ke6 Re7+ 102. Kf6 Rf7+ 103. Ke6 Re7+ 104. Kd5 Rf7 105. Be5 Kd7 106. Rh3 Ke8 107. Rh6 Kd7 108. Bf6 Kc7 109. Ke6 Rd7 110. Be5+ Kc8 111. Rh8+ Rd8 112. Rh7 Rd1 113. Rc7+ Kd8 114. Rb7 Rc1 115. Rb8+ Rc8 116. Rb4 Ra8 117. Rh4 Kc8 118. Rh7 Ra2 119. Rc7+ Kd8 120. Rf7 Kc8 121. Bd6 Re2+ 122. Kd5 Rc2 123. Bc5 Kd8 124. Kd6 Kc8 125. Kc6 Rd2 126. Ra7 Kb8 127. Ra4 Rb2 128. Rd4 Kc8 129. Rf4 Rd2 130. Ra4 Rb2 131. Ra7 Kb8 132. Re7 Ka8 133. Bb6 Rc2+ 134. Kb5 Rb2+ 135. Ka6 Ra2+ 136. Ba5 Rb2 137. Rd7 Rb3 138. Bb6 Ra3+ 139. Kb5 Rb3+ 140. Kc6 1/2-1/2

[Event "*** Titled Tuesday 3|2 Blitz"]
[Site "Chess.com"]
[Date "2015.08.04"]
[Round "3"]
[White "GMBenjaminBok"]
[Black "Ar4uha"]
[Result "1-0"]
[WhiteElo "2442"]
[BlackElo "2385"]
[TimeControl "180+2"]
[EndTime "12:02:04 PDT"]
[Termination "GMBenjaminBok won by resignation"]

1. e4 d5 2. exd5 Nf6 3. Nf3 Nxd5 4. d4 g6 5. c4 Nb6 6. Nc3 Bg7 7. c5 Nd5 8. Bc4 c6 9. O-O O-O 10. Re1 h6 11. Qb3 Nxc3 12. bxc3 b5 13. cxb6 axb6 14. Ba3 Ra7 15. Ne5 b5 16. Bxf7+ Kh8 17. Nxg6+ Kh7 18. Bxe7 Rxe7 19. Rxe7 Nd7 20. Rae1 Nf6 21. Nxf8+ Qxf8 22. Qc2+ Kh8 23. Re8 Nxe8 24. Rxe8 1-0

[Event "*** Titled Tuesday 3|2 Blitz"]
[Site "Chess.com"]
[Date "2015.08.04"]
[Round "3"]
[White "bugsbunny444"]
[Black "BIG_Pirate"]
[Result "1-0"]
[WhiteElo "2319"]
[BlackElo "2260"]
[TimeControl "180+2"]
[EndTime "12:03:15 PDT"]
[Termination "bugsbunny444 won by resignation"]

1. Nf3 d5 2. c4 c6 3. g3 Nf6 4. Bg2 Bf5 5. cxd5 cxd5 6. Qb3 Qc8 7. Nc3 e6 8. O-O Nc6 9. d3 Be7 10. Bf4 O-O 11. Rac1 Qd7 12. e4 Bg6 13. exd5 exd5 14.
Ne5 Nxe5 15. Bxe5 Bxd3 16. Bxf6 Bxf1 17. Bxe7 Bxg2 18. Bxf8 Qh3 19. Nxd5 Rxf8 20. Nf4 Qh6 21. Kxg2 1-0

[Event "*** Titled Tuesday 3|2 Blitz"]
[Site "Chess.com"]
[Date "2015.08.04"]
[Round "3"]
[White "dretch"]
[Black "pedromartinez91"]
[Result "1-0"]
[WhiteElo "2518"]
[BlackElo "2130"]
[TimeControl "180+2"]
[EndTime "12:03:26 PDT"]
[Termination "dretch won by resignation"]

1. d4 d5 2. c4 dxc4 3. e3 Nf6 4. Bxc4 e6 5. Nf3 c5 6. O-O Nc6 7. Qe2 cxd4 8. Rd1 Be7 9. Nc3 O-O 10. Nxd4 Qb6 11.
Nxc6 Qxc6 12. e4 Nd7 13. Bf4 Qb6 14. Nb5 e5 15. Be3 Bc5 16. Rd6 Qa5 17. Rxd7 Bxe3 18.
Rxf7 Rxf7 19. Qxe3 Kh8 20. Bxf7 Qxb5 21. Rd1 Bg4 22.
f3 Bd7 23. Rd5 Qa4 24. Qd2 Rd8 25. Be6 1-0

[Event "*** Titled Tuesday 3|2 Blitz"]
[Site "Chess.com"]
[Date "2015.08.04"]
[Round "3"]
[White "PauloCesarCosta"]
[Black "Hafez_Bakr"]
[Result "1-0"]
[WhiteElo "2002"]
[BlackElo "1773"]
[TimeControl "180+2"]
[EndTime "12:03:46 PDT"]
[Termination "PauloCesarCosta won on time"]

1. Nf3 Nf6 2. c4 c5 3. g3 g6 4.
Bg2 Bg7 5. d4 cxd4 6. Nxd4 Nc6 7. O-O Nxd4 8. Qxd4 O-O 9. Nc3 d6 10. Qd3 a6 11. Bd2 Rb8 12. Rac1 Nd7 13. b3 Nc5 14.
Qc2 Bf5 15. e4 Be6 16. Nd5 Re8 17. Bc3 Bxd5 18. exd5 f6 19. Rfe1 1-0

[Event "*** Titled Tuesday 3|2 Blitz"]
[Site "Chess.com"]
[Date "2015.08.04"]
[Round "3"]
[White "Keaton87"]
[Black "fancyknightmaneuvers"]
[Result "1-0"]
[WhiteElo "2439"]
[BlackElo "2175"]
[TimeControl "180+2"]
[EndTime "12:03:55 PDT"]
[Termination "Keaton87 won by resignation"]

1. e4 e6 2. d4 d5 3. Nd2 c5 4.
exd5 exd5 5. Ngf3 Nf6 6. Bb5+ Bd7 7. Qe2+ Be7 8. dxc5 O-O 9. O-O Bxc5 10. Bxd7 Nbxd7 11. b3 Re8 12. Qd3 Bd6 13. Bb2 Be7 14. Nd4 Nc5 15. Qh3 Bf8 16. Rfe1 g6 17. Rxe8 Qxe8 18. Nf5 Qe6 19. Nh6+ Kg7 20. Ng4 Be7 21. Qh6+ Kg8 22. h3 Bf8 23. Nxf6+ 1-0

[Event "*** Titled Tuesday 3|2 Blitz"]
[Site "Chess.com"]
[Date "2015.08.04"]
[Round "3"]
[White "Sunil"]
[Black "FMCouch"]
[Result "0-1"]
[WhiteElo "1927"]
[BlackElo "2127"]
[TimeControl "180+2"]
[EndTime "12:03:58 PDT"]
[Termination "FMCouch won by resignation"]

1. e4 c5 2. Nc3 Nc6 3. f4 g6 4. Nf3 Bg7 5. Bc4 e6 6. f5 Nge7 7. fxe6 fxe6 8. O-O d5 9. Bb5 O-O 10.
Bxc6 Nxc6 11. d3 d4 12. Ne2 e5 13. Bg5 Qc7 14. Qe1 Bd7 15. Qh4 Rf7 16. Bh6 Raf8 17. Ng5 Rxf1+ 18. Rxf1 Rxf1+ 19. Kxf1 Bxh6 20. Qxh6 Bg4 21. Ng3 Qg7 22. Qh4 Qf6+ 23. Ke1 h5 24. h3 Bd7 25. Ne2 Nd8 26. g4 Nf7 27. Nf3 Qxh4+ 28. Nxh4 hxg4 29. hxg4 Kg7 30. c3 Bxg4 31. cxd4 cxd4 32.
Ng3 Kf6 33. a3 Nd8 34. Kf2 Ne6 35. Nf3 Bxf3 36. Kxf3 Nf4 0-1

[Event "*** Titled Tuesday 3|2 Blitz"]
[Site "Chess.com"]
[Date "2015.08.04"]
[Round "3"]
[White "Krutoy123"]
[Black "chessking2151"]
[Result "1-0"]
[WhiteElo "2128"]
[BlackElo "1988"]
[TimeControl "180+2"]
[EndTime "12:04:06 PDT"]
[Termination "Krutoy123 won by resignation"]

1. e4 c5 2. Nf3 g6 3. d4 cxd4 4. Nxd4 Nc6 5. c4 Nf6 6. Nc3 Bg7 7. Be3 d6 8. Be2 O-O 9. O-O Nxd4 10. Bxd4 Bd7 11. f3 Bc6 12. Qd2 Nd7 13. Be3 a5 14. b3 Nc5 15. Rab1 Qc7 16. Rfc1 Rfd8 17. Bf1 b6 18.
Qf2 e6 19. a3 Rdb8 20. b4 Nd7 21. Nd5 Qd8 22. Nc3 Qc7 23. Nb5 Bxb5 24. cxb5 Qd8 25. Rc6 Qe7 26. Rd1 axb4 27. axb4 Ra4 28. Rcxd6 Nf8 29. Rxb6 Rxb6 30. Bxb6 Qb7 31. Bc5 Nd7 32.
Qd2 Nxc5 33. Qd8+ Bf8 34. bxc5 Ra8 35. Qd4 Bg7 36. Qf2 Rc8 37. c6 Qc7 38. Qc5 Bf8 39. Qe3 Bg7 40. Kh1 Rb8 41. g3 Rd8 42. Rxd8+ Qxd8 43. b6 Qd1 44. Qe2 Qb3 45. c7 Qc3 46. Kg2 Qc6 47. Qc4 1-0

[Event "*** Titled Tuesday 3|2 Blitz"]
[Site "Chess.com"]
[Date "2015.08.04"]
[Round "3"]
[White "Konavets"]
[Black "kesarev"]
[Result "1-0"]
[WhiteElo "2464"]
[BlackElo "2188"]
[TimeControl "180+2"]
[EndTime "12:05:01 PDT"]
[Termination "Konavets won on time"]

1. b4 d5 2. Bb2 Bf5 3. e3 Nd7 4. g4 Bg6 5. Nh3 e5 6. a3 Qh4 7. Bg2 h5 8. g5 c6 9. d3 Bf5 10. Qf3 Ne7 11. Qg3 Ng6 12. Nd2 Bd6 13. Nf3 Qg4 14. O-O-O O-O-O 15. Rhg1 Nb6 16. Bf1 Na4 17. Qg2 e4 18. Qh1 Qxf3 19. Bg2 Qg4 20. Bxg7 Rhg8 21. Bf6 Qh4 22. dxe4 Bxh3 23. exd5 Bxg2 24.
Qxg2 Qc4 25. Rd4 Qa2 26. dxc6 b6 27. c7 Qxa3+ 28. Kd2 Bxc7 29. Qa8+ Bb8 30. Qc6+ Bc7 31. Bxd8 Rxd8 32. Qa8+ Bb8 33. Rxd8+ Kxd8 34. Qxb8+ Ke7 35.
Qc7+ Kf8 36. Qd8+ Kg7 37. Qd4+ Kg8 38. Ra1 1-0

[Event "*** Titled Tuesday 3|2 Blitz"]
[Site "Chess.com"]
[Date "2015.08.04"]
[Round "3"]
[White "NowInChess"]
[Black "drifblim"]
[Result "0-1"]
[WhiteElo "1964"]
[BlackElo "2057"]
[TimeControl "180+2"]
[EndTime "12:05:04 PDT"]
[Termination "drifblim won by resignation"]

1. e4 e6 2. d3 c5 3. g3 Nc6 4. Bg2 d6 5. f4 g6 6. Nf3 Bg7 7. O-O Nge7 8. c3 O-O 9. Be3 Rb8 10. d4 cxd4 11. cxd4 f5 12. e5 Nd5 13. Bf2 Bd7 14.
Nc3 Nxc3 15. bxc3 dxe5 16. dxe5 Qe7 17. Qe2 Rfc8 18. Rfd1 a6 19. Rd6 Na5 20. Rad1 Bb5 21. Qc2 Nc4 22. R6d4 h6 23. a4 Be8 24. Qb3 b5 25.
axb5 Rxb5 26. Qa2 Ra5 27. Qb3 Ba4 28. Rxc4 Bxb3 29. Rxc8+ Kh7 30. h4 Bxd1 0-1

[Event "*** Titled Tuesday 3|2 Blitz"]
[Site "Chess.com"]
[Date "2015.08.04"]
[Round "3"]
[White "rhungaski"]
[Black "ajkom197"]
[Result "1-0"]
[WhiteElo "2500"]
[BlackElo "2253"]
[TimeControl "180+2"]
[EndTime "12:05:07 PDT"]
[Termination "rhungaski won by resignation"]

1. d4 d5 2. c4 c6 3. Nf3 Nf6 4. Qb3 dxc4 5. Qxc4 Bf5 6. g3 e6 7.
Bg2 Qd5 8. Nbd2 Qxc4 9. Nxc4 Be4 10. O-O Nbd7 11. Re1 Be7 12. Ncd2 h6 13. Nxe4 Nxe4 14. Nd2 Nxd2 15. Bxd2 Nb6 16. Rec1 Rd8 17. e3 O-O 18. Ba5 Bf6 19. a3 Rd7 20. Rc2 e5 21. dxe5 Bxe5 22. Kf1 Rfd8 23. Ke2 Bc7 24. h4 Nd5 25. Be1 Nf6 26. Bf3 Be5 27. Rac1 a6 28. Rb1 Bc7 29. Rd2 Rxd2+ 30. Bxd2 Be5 31. Be1 Rd7 32. g4 Kf8 33. g5 hxg5 34. hxg5 Ne8 35. Bg4 Rd8 36. f4 Bc7 37.
Bf5 Nd6 38. Bd3 g6 39. a4 Re8 40. Bb4 Kg8 41. Rh1 Nf5 42. Bxf5 gxf5 43. Bc3 Kf8 44.
Bf6 1-0

[Event "*** Titled Tuesday 3|2 Blitz"]
[Site "Chess.com"]
[Date "2015.08.04"]
[Round "3"]
[White "eugeniusjr"]
[Black "VSERGUEI"]
[Result "0-1"]
[WhiteElo "1961"]
[BlackElo "2574"]
[TimeControl "180+2"]
[EndTime "12:05:26 PDT"]
[Termination "VSERGUEI won by resignation"]

1. c4 e5 2. g3 c6 3. Bg2 d5 4. cxd5 cxd5 5. d4 e4 6. Nc3 Bb4 7. Nh3 Nc6 8. O-O Bxh3 9. Bxh3 Nf6 10. Bg5 Bxc3 11. bxc3 h6 12. Bc1 O-O 13. Rb1 Na5 14.
Qa4 Re8 15. e3 Rc8 16. Ba3 Rc4 17. Qc2 Qc7 18. Rfc1 Rc6 19. Qa4 Nc4 20. Bb2 Ra6 21. Qb3 Nd2 22. Qb5 Nxb1 23. Rxb1 Rxa2 24. Ba1 Qc6 25. Qb3 Ra4 26. Bf1 a6 27. Bb2 b5 28.
Ra1 Rxa1 29. Bxa1 Nd7 30. Qa3 Nb6 31. Qxa6 Ra8 32. Bxb5 Rxa6 33. Bxc6 Rxa1+ 34. Kg2 Rc1 35. c4 Rxc4 0-1

[Event "*** Titled Tuesday 3|2 Blitz"]
[Site "Chess.com"]
[Date "2015.08.04"]
[Round "3"]
[White "WarlordX"]
[Black "Bab3s"]
[Result "1-0"]
[WhiteElo "2193"]
[BlackElo "2113"]
[TimeControl "180+2"]
[EndTime "12:05:36 PDT"]
[Termination "WarlordX won by resignation"]

1. d4 Nf6 2. c4 e6 3. Nc3 Bb4 4. Nf3 O-O 5. Bg5 c5 6. e3 cxd4 7.
exd4 h6 8. Bh4 d5 9. cxd5 exd5 10. Bd3 Nc6 11. O-O Bxc3 12. bxc3 Bg4 13. h3 Bh5 14.
Rb1 b6 15. Re1 Bg6 16. Bxg6 fxg6 17. Qa4 Qd7 18. Qc2 Ne4 19. c4 Rae8 20. Rbc1 Re6 21. Qb3 Na5 22. Qb5 Qxb5 23. cxb5 Nc4 24. Bg3 Rfe8 25.
Be5 Ned6 26. a4 Nf5 27. g4 Nxe5 28. dxe5 d4 29. gxf5 gxf5 30. Rcd1 Rg6+ 31. Kf1 Rd8 32. Rxd4 Rxd4 33. Nxd4 Rg5 34. e6 Kf8 35. e7+ Ke8 36.
Ne6 1-0

[Event "*** Titled Tuesday 3|2 Blitz"]
[Site "Chess.com"]
[Date "2015.08.04"]
[Round "3"]
[White "LyonBeast"]
[Black "Janosik"]
[Result "1-0"]
[WhiteElo "2702"]
[BlackElo "2522"]
[TimeControl "180+2"]
[EndTime "12:05:39 PDT"]
[Termination "LyonBeast won by resignation"]

1. d4 Nf6 2. c4 e6 3. Nf3 d5 4.
Nc3 dxc4 5. e4 Bb4 6. Bxc4 Nxe4 7. O-O Nxc3 8. bxc3 Be7 9. Ne5 Nd7 10. Qg4 O-O 11. Bh6 Bf6 12. Rad1 Kh8 13. Bc1 Qe7 14. Rfe1 g6 15. Rd3 Nxe5 16. dxe5 Bg7 17. Rh3 Kg8 18. Bg5 f6 19. exf6 Bxf6 20. Bh6 Bg7 21. Bc1 Bd7 22. Rxe6 Bxe6 23. Bxe6+ Rf7 24. Bg5 Qd6 25. Bxf7+ Kxf7 26. Qc4+ 1-0

[Event "*** Titled Tuesday 3|2 Blitz"]
[Site "Chess.com"]
[Date "2015.08.04"]
[Round "3"]
[White "GMG"]
[Black "Imre91"]
[Result "0-1"]
[WhiteElo "2398"]
[BlackElo "2606"]
[TimeControl "180+2"]
[EndTime "12:05:40 PDT"]
[Termination "Imre91 won by resignation"]

1. Nf3 Nf6 2. d4 d5 3. c4 c6 4. e3 g6 5. Nc3 Bg7 6. Bd3 O-O 7. h3 a6 8. a4 a5 9. O-O Na6 10. Bd2 Nb4 11. Be2 Bf5 12. Rc1 Nd3 13. Rb1 dxc4 14. Nh4 Be6 15. b3 c5 16. bxc4 cxd4 17. Bxd3 dxc3 18. Bxc3 Qc7 19. Qb3 Rfd8 20. Bd4 Nd7 21. Qxb7 Rdc8 22. Be4 Qxc4 23. Qb5 Rab8 24. Qxc4 Bxc4 25.
Rxb8 Rxb8 26. Rc1 Bb3 27. Ba7 Rb4 28. Rc8+ Nf8 29. f3 f5 30. Nxf5 gxf5 31. Bxf5 Rxa4 32. Rb8 Ra1+ 33. Kh2 Be5+ 34. f4 Bxb8 35. Bxb8 a4 36. Be5 Re1 37. Kg3 Rxe3+ 38. Kf2 Rxe5 39. fxe5 a3 0-1

[Event "*** Titled Tuesday 3|2 Blitz"]
[Site "Chess.com"]
[Date "2015.08.04"]
[Round "3"]
[White "Cruel_Yaro"]
[Black "Mr_Penings"]
[Result "1-0"]
[WhiteElo "2502"]
[BlackElo "2219"]
[TimeControl "180+2"]
[EndTime "12:05:40 PDT"]
[Termination "Cruel_Yaro won by resignation"]

1. d4 Nf6 2. c4 e6 3. Nc3 Bb4 4. f3 O-O 5. e4 d5 6. cxd5 exd5 7. e5 Nfd7 8. a3 Bxc3+ 9. bxc3 f6 10. f4 fxe5 11. dxe5 Nb6 12. Nf3 c5 13. Bd3 Bf5 14.
O-O Nc6 15. Bxf5 Rxf5 16. Qd3 Qd7 17. Ng5 c4 18. Qh3 g6 19. e6 Qg7 20. Nf7 Rh5 21. Qf3 Re8 22. f5 Ne5 23. Nxe5 Rxf5 24. Bf4 g5 25.
Qh5 Ref8 26. Bg3 Rxf1+ 27. Rxf1 Rxf1+ 28. Kxf1 Qf6+ 29. Ke2 Qxe6 30. Qxg5+ Kh8 31. Bh4 1-0

[Event "*** Titled Tuesday 3|2 Blitz"]
[Site "Chess.com"]
[Date "2015.08.04"]
[Round "3"]
[White "Carolina-moon"]
[Black "proxy6"]
[Result "0-1"]
[WhiteElo "1975"]
[BlackElo "1909"]
[TimeControl "180+2"]
[EndTime "12:05:43 PDT"]
[Termination "proxy6 won on time"]

1. e4 e5 2. Nf3 Nc6 3. Bb5 a6 4. Bxc6 dxc6 5. O-O Bg4 6. h3 h5 7. d3 Bd6 8. Be3 Qf6 9. Nbd2 Bxf3 10. Nxf3 Ne7 11.
d4 O-O-O 12. Qe2 Rdg8 13. Rad1 Ng6 14. Bg5 Qe6 15. d5 cxd5 16. exd5 Qd7 17. c4 f6 18. Be3 Nf4 19. Bxf4 exf4 20. Nd4 g5 21. Rfe1 g4 22. hxg4 hxg4 23. Qe6 Be5 24. c5 Qxe6 25. Nxe6 Rh7 26. d6 Rgh8 27. d7+ Rxd7 28. Rxd7 Kxd7 29. Ng7 Kc6 0-1

[Event "*** Titled Tuesday 3|2 Blitz"]
[Site "Chess.com"]
[Date "2015.08.04"]
[Round "3"]
[White "alturas_pacificas"]
[Black "facu57"]
[Result "0-1"]
[WhiteElo "2084"]
[BlackElo "2400"]
[TimeControl "180+2"]
[EndTime "12:06:07 PDT"]
[Termination "facu57 won by checkmate"]

1. d4 c6 2. Bf4 d5 3. e3 Nf6 4. Nf3 g6 5. h3 Bg7 6. c4 O-O 7. Nc3 Be6 8. Qb3 Qb6 9. c5 Qxb3 10. axb3 Nbd7 11. b4 a6 12. Nd2 Nh5 13. Bh2 f5 14. Be2 f4 15. Bxh5 fxe3 16. fxe3 gxh5 17. Nb3 Bf7 18. Na5 e5 19. dxe5 Nxe5 20. Bxe5 Bxe5 21. Nxb7 Rab8 22. Na5 Rxb4 23. Nxc6 Bg3+ 24. Kd1 Rxb2 25.
Nxd5 Bxd5 26. Ne7+ Kh8 27. Nxd5 Rff2 28. e4 Rxg2 29. c6 Rbc2 30. c7 Rgd2# 0-1

[Event "*** Titled Tuesday 3|2 Blitz"]
[Site "Chess.com"]
[Date "2015.08.04"]
[Round "3"]
[White "dabee"]
[Black "Danirod"]
[Result "1-0"]
[WhiteElo "2452"]
[BlackElo "2385"]
[TimeControl "180+2"]
[EndTime "12:06:09 PDT"]
[Termination "dabee won by checkmate"]

1. Nf3 d5 2. b3 Nf6 3. Bb2 Nbd7 4. e3 g6 5. d4 Bg7 6. Bd3 O-O 7. O-O c5 8. Nbd2 b6 9. c4 Bb7 10. dxc5 Nxc5 11.
Bc2 dxc4 12. Nxc4 Nfe4 13. Bxg7 Kxg7 14. Qc1 Qc7 15. Qb2+ f6 16. Rac1 a5 17. a3 Nd6 18.
Nxd6 Qxd6 19. Rfd1 Qe6 20. b4 axb4 21. axb4 Na4 22.
Bxa4 Rxa4 23. Nd4 Qd5 24. f3 Qe5 25. Qb3 Rfa8 26. e4 Ra3 27. Qe6 Ra2 28. Qd7 Ba6 29.
Ne6+ Kh6 30. Qxe7 Rg8 31. Qd6 Qb2 32. Qg3 g5 33. Rc7 Qxb4 34. Qh3+ Kg6 35. Qxh7# 1-0

[Event "*** Titled Tuesday 3|2 Blitz"]
[Site "Chess.com"]
[Date "2015.08.04"]
[Round "3"]
[White "Tal-Baronfew"]
[Black "jefferyx"]
[Result "1-0"]
[WhiteElo "2713"]
[BlackElo "2437"]
[TimeControl "180+2"]
[EndTime "12:06:14 PDT"]
[Termination "Tal-Baronfew won by resignation"]

1. d4 b5 2. e4 a6 3. Nf3 Bb7 4. Bd3 e6 5. O-O Nf6 6. Re1 d5 7. e5 Nfd7 8. Ng5 Qe7 9. a4 b4 10. c3 c5 11. Be3 Nc6 12. Nd2 h6 13. Qh5 Ncxe5 14. dxe5 Nxe5 15. Bc2 g6 16. Qh3 Bg7 17. Nxe6 Qxe6 18. Qxe6+ fxe6 19. Bxc5 bxc3 20. bxc3 Kf7 21. Bd4 Rhc8 22. Bxe5 Bxe5 23. Rxe5 Rxc3 24. Bd1 Rac8 25.
Re1 Rc1 26. Bg4 Rxa1 27. Rxa1 Rc2 28. Nf3 Kf6 29. Re1 Bc8 30. Ne5 Ra2 31. Bd1 Ra1 32. f4 a5 33. Kf2 Ba6 34. Bg4 Rxa4 35. Nd7+ Kg7 36. g3 Ra2+ 37. Kg1 d4 38. Bxe6 Rc2 39. Bb3 Rc3 40. Re7+ Kh8 41. Nf6 1-0

[Event "*** Titled Tuesday 3|2 Blitz"]
[Site "Chess.com"]
[Date "2015.08.04"]
[Round "3"]
[White "zmaj23"]
[Black "Hikaru"]
[Result "1-0"]
[WhiteElo "2503"]
[BlackElo "2853"]
[TimeControl "180+2"]
[EndTime "12:06:17 PDT"]
[Termination "zmaj23 won by resignation"]

1. e4 g6 2. d4 Bg7 3. Nc3 a6 4. a4 c6 5. Be3 d5 6. f3 dxe4 7. fxe4 e5 8. Nf3 Bg4 9. d5 Nf6 10. Qd2 Bxf3 11. gxf3 cxd5 12. exd5 O-O 13. O-O-O b5 14.
h4 Nbd7 15. Bh6 Bxh6 16. Qxh6 Rc8 17. axb5 axb5 18. Bxb5 Qa5 19. Bxd7 Rxc3 20. bxc3 Qxc3 21. Bc6 Rb8 22. h5 Rb2 23. Qd2 Qa3 24. Qa5 Rxc2+ 25.
Kxc2 Qxa5 26. h6 Kf8 27. Rhe1 Qc5+ 28. Kb3 Qf2 29. Rf1 Qe3+ 30. Kc4 Qe2+ 31. Kc5 Qc2+ 32. Kb6 Ne8 33. d6 Qb2+ 34. Bb5 Qc3 35. d7 Qc7+ 36.
Ka6 Nd6 37. Rxd6 Qxd6+ 38. Kb7 Ke7 39. Rc1 Qd5+ 40. Kb6 Qd4+ 41. Ka6 Qd6+ 42. Kb7 Qb4 43. Kb6 e4 44. Rc8 Qd4+ 45. Kb7 Qd5+ 46. Bc6 Qd6 1-0

[Event "*** Titled Tuesday 3|2 Blitz"]
[Site "Chess.com"]
[Date "2015.08.04"]
[Round "3"]
[White "Mugzyyy"]
[Black "MattyDPerrine"]
[Result "1-0"]
[WhiteElo "2558"]
[BlackElo "2244"]
[TimeControl "180+2"]
[EndTime "12:06:24 PDT"]
[Termination "Mugzyyy won by resignation"]

1. d4 Nf6 2. c4 c5 3. d5 b5 4. cxb5 a6 5. e3 g6 6. Nc3 d6 7.
Nf3 Bg7 8. a4 O-O 9. e4 axb5 10.
Bxb5 Ba6 11. Ra3 Bxb5 12. axb5 Nbd7 13. O-O Qb6 14. Nd2 Ne5 15. f4 c4+ 16. Kh1 Nd3 17. Qe2 Rxa3 18. bxa3 Qd4 19. Ndb1 Qa7 20. Be3 Qa5 21. Bd4 h5 22. Nd2 Rc8 23. Nxc4 Rxc4 24. Qxd3 Rxd4 25. Qxd4 Ng4 26. e5 dxe5 27. Qc5 exf4 28.
Ne4 Ne3 29. Rg1 Ng4 30. h3 Ne3 31. b6 Qa6 32. d6 exd6 33. Nxd6 Qe2 34. Qc6 Kh7 35.
b7 Qf2 36. b8=Q Ng4 37. Qf3 Qh4 38. Rf1 Be5 39. Nxf7 Bxb8 40. Qb7 Qg3 41. hxg4 f3 42. Nd6+ Kh6 43. Qxf3 Qh2+ 1-0

[Event "*** Titled Tuesday 3|2 Blitz"]
[Site "Chess.com"]
[Date "2015.08.04"]
[Round "3"]
[White "Genghis_K"]
[Black "Viaje"]
[Result "1-0"]
[WhiteElo "2572"]
[BlackElo "2230"]
[TimeControl "180+2"]
[EndTime "12:06:28 PDT"]
[Termination "Genghis_K won by resignation"]

1. e4 c5 2. Nf3 d6 3. d4 cxd4 4. Nxd4 Nf6 5. Nc3 a6 6. Bg5 e6 7. f4 Qb6 8. Qd2 Qxb2 9. Rb1 Qa3 10. e5 h6 11. Bh4 dxe5 12. fxe5 Nfd7 13. Ne4 Qxa2 14.
Rd1 Qd5 15. Qe3 Qxe5 16. Be2 Bc5 17. Bg3 Bxd4 18. Rxd4 Qa5+ 19. Rd2 O-O 20. Bd6 f5 21. Bxf8 Nxf8 22. Nd6 Nbd7 23. O-O Qc5 24. Qxc5 Nxc5 25. Bf3 a5 26. Ra1 a4 27. Rd4 Rb8 28. Rc4 b6 29.
Rb4 e5 30. Nxc8 Rxc8 31. Bd5+ Kh7 32. Rxb6 e4 33. Rc6 Rxc6 34. Bxc6 Nfe6 35. Bxa4 Nd4 36. c4 e3 37. Be8 e2 38. Kf2 Nd3+ 39. Ke3 Nc2+ 40.
Kxe2 Nf4+ 41. Kf3 Nxa1 42. Kxf4 g6 43. c5 Nb3 44. c6 Nd4 45. Ke5 Nb5 46. Kf6 f4 47.
Bxg6+ Kg8 48. Ke6 Kg7 49. Be4 h5 50. Kd7 Kf6 51. c7 Nxc7 52. Kxc7 Ke5 53. Bf3 1-0

[Event "*** Titled Tuesday 3|2 Blitz"]
[Site "Chess.com"]
[Date "2015.08.04"]
[Round "3"]
[White "hellokostya"]
[Black "darkknight123456"]
[Result "0-1"]
[WhiteElo "2197"]
[BlackElo "2092"]
[TimeControl "180+2"]
[EndTime "12:06:35 PDT"]
[Termination "darkknight123456 won by resignation"]

1. d4 Nf6 2. c4 c5 3. d5 e6 4. Nc3 exd5 5. cxd5 g6 6. e4 d6 7. f4 Bg7 8. Bb5+ Nfd7 9. a4 Qh4+ 10. g3 Qe7 11. Nf3 O-O 12. O-O Na6 13. e5 Nb4 14. Ne4 dxe5 15. d6 Qd8 16. Bxd7 Bxd7 17. Nxe5 Re8 18. Nxc5 Bxe5 19. fxe5 Qb6 20. Qd4 Nc2 21. Qf2 Nxa1 22. Nxd7 Qxf2+ 23. Rxf2 Rec8 24. Nf6+ Kg7 25. d7 Rxc1+ 26. Kg2 Rd8 27. Rd2 Nb3 28. Rd5 Nc5 29. a5 a6 30. b4 Nxd7 31. Nxd7 Rc7 32.
Nb6 Rxd5 33. Nxd5 Rd7 34. Nf6 Rd4 35. Ne8+ Kf8 36. Nd6 Rxb4 37. Kf3 b6 38. axb6 Rxb6 39. Ke4 a5 40. Nc4 Rb5 41. Kd4 a4 42. h4 Rb3 43.
Nd2 Rxg3 0-1

[Event "*** Titled Tuesday 3|2 Blitz"]
[Site "Chess.com"]
[Date "2015.08.04"]
[Round "3"]
[White "Lying-Ted"]
[Black "Just-Live-Simply"]
[Result "0-1"]
[WhiteElo "2006"]
[BlackElo "2032"]
[TimeControl "180+2"]
[EndTime "12:06:37 PDT"]
[Termination "Just-Live-Simply won by resignation"]

1. e4 e6 2. d4 d5 3. Nd2 Nf6 4. e5 Nfd7 5. Bd3 c5 6. c3 Nc6 7. Ne2 cxd4 8. cxd4 Nb6 9. O-O Bd7 10. f4 g6 11. Nf3 Nb4 12. Bb1 Ba4 13. b3 Bb5 14. a3 Nc6 15. Kh1 a5 16. Be3 a4 17. b4 Be7 18. Qe1 h5 19. Bf2 Qd7 20. Bh4 Bxe2 21. Qxe2 Bxh4 22. Nxh4 Nxd4 23. Qf2 Nb3 24. Qxb6 Nxa1 25.
Nxg6 fxg6 26. Bxg6+ Kf8 27. f5 Kg7 28. fxe6 Qc6 29.
Qe3 Qxe6 30. Qg5 Qxg6 31. Qe7+ Kg8 32. h3 Rh7 33. Qc5 Qe6 34. Rxa1 Rc8 35. Qe3 Rg7 36. Rf1 Qg6 37. Rf2 Qe4 38. Qh6 Qe1+ 39. Kh2 Qxf2 40. Qe6+ Kh7 0-1